[Event "2022 Norbert Muller Cup (Division A)"]
[Site "Woodvale, Perth WA AUS"]
[Date "2022.11.30"]
[Round "7"]
[White "Gibson, Jacob"]
[Black "Maggs, Derwent"]
[Result "0-1"]
[EventDate "2022.10.12"]
[EventType "tourn"]
[EventRounds "7"]
[EventCountry "AUS"]
[TimeControl "3600+30"]
[WhiteElo "1917"]
[BlackElo "2340"]
[ECO "B90"]
[PlyCount "83"]

1. e4 c5 2. Nf3 d6 3. d4 cxd4 4. Nxd4 Nf6 5. Nc3 a6 6. Be3 e5 7. Nb3 Be6 8. f3
Be7 9. Qd2 O-O 10. O-O-O Nbd7 11. Kb1 b5 12. g4 b4 13. Nd5 Bxd5 14. exd5 a5 15.
g5 Ne8 16. Qf2 Bxg5 17. Bxg5 Qxg5 18. Bb5 Qd8 19. Rhg1 a4 20. Nd2 Qb6 21. Qxb6
Nxb6 22. Bc6 Ra7 23. Rg4 Nf6 24. Rxb4 Nfxd5 25. Rh4 Ne7 26. Nc4 Nxc6 27. Nxb6
Nd4 28. Rdxd4 exd4 29. Rxd4 a3 30. Nc4 Re8 31. Rd1 axb2 32. Rxd6 g6 33. Rb6 Rc7
34. Nd6 Ra8 35. c4 Kf8 36. Kxb2 Ke7 37. Kb3 Rca7 38. c5 Rxa2 39. Rb7+ Ke6 40.
Nxf7 Kd5 41. Ng5 R8a3+ 42. Kb4 0-1

[Event "2022 Norbert Muller Cup (Division B)"]
[Site "Woodvale, Perth WA AUS"]
[Date "2022.11.23"]
[Round "7"]
[White "Doshi, Chirag"]
[Black "Clarke, Daniel"]
[Result "1/2-1/2"]
[EventDate "2022.10.12"]
[EventType "tourn"]
[EventRounds "7"]
[EventCountry "AUS"]
[TimeControl "3600+30"]
[WhiteElo "1831"]
[BlackElo "1834"]
[ECO "C30"]
[PlyCount "74"]

1. e4 e5 2. f4 Bc5 3. Nf3 Nf6 4. fxe5 Nxe4 5. d4 Be7 6. Bd3 d5 7. exd6 Nxd6 8.
O-O Bf5 9. c3 Bxd3 10. Qxd3 Nd7 11. Be3 O-O 12. Nbd2 Ne8 13. Ne4 Nef6 14. Rad1
Nxe4 15. Qxe4 Nf6 16. Qxb7 Rb8 17. Qxa7 Rxb2 18. Rd2 Rxd2 19. Nxd2 Nd5 20. Bf2
Nxc3 21. Qa6 Qd5 22. Re1 Bd6 23. a3 Nb5 24. Qa4 Ra8 25. Qc4 Qh5 26. Nf3 Nxa3
27. Qc6 Rf8 28. Re8 Qb5 29. Rxf8+ Kxf8 30. Qa8+ Qe8 31. Qd5 f6 32. Qf5 Kg8 33.
Qd5+ Kh8 34. g3 Nb5 35. Nh4 Nc3 36. Qf3 Ne4 37. Be3 Ng5 1/2-1/2

[Event "2022 Norbert Muller Cup (Division B)"]
[Site "Woodvale, Perth WA AUS"]
[Date "2022.11.23"]
[Round "7"]
[White "O'Shaughnessy, Dave"]
[Black "Garang, Kuol Awan"]
[Result "1-0"]
[EventDate "2022.10.12"]
[EventType "tourn"]
[EventRounds "7"]
[EventCountry "AUS"]
[TimeControl "3600+30"]
[WhiteElo "1788"]
[BlackElo "1666"]
[ECO "B01"]
[PlyCount "99"]

1. d4 g6 2. e4 d5 3. exd5 Qxd5 4. Nc3 Qd8 5. Bc4 e6 6. Nf3 Nd7 7. O-O Ngf6 8.
d5 Nb6 9. Bb5+ Bd7 10. dxe6 fxe6 11. Qe2 c6 12. Bd3 Be7 13. Ng5 Nbd5 14. Nxe6
Nxc3 15. bxc3 Bxe6 16. Qxe6 Qd5 17. Qe2 Qh5 18. f3 Qc5+ 19. Kh1 Qxc3 20. Re1
O-O 21. Bd2 Qc5 22. Qxe7 Qxe7 23. Rxe7 Rf7 24. Rxf7 Kxf7 25. Bc4+ Kf8 26. Bh6+
Ke7 27. Bg5 Rf8 28. Re1+ Kd7 29. Re6 Ng8 30. Re4 Nf6 31. Bxf6 Rxf6 32. Rd4+ Kc7
33. Kg1 b5 34. Bd3 c5 35. Rd5 c4 36. Be4 Kb6 37. c3 h6 38. h4 a5 39. a3 Ka6 40.
Kf2 Rb6 41. Rc5 b4 42. cxb4 axb4 43. axb4 Rxb4 44. Rxc4 Rxc4 45. Bd3 Kb5 46.
Ke3 Kc5 47. Bxc4 Kxc4 48. Ke4 Kc3 49. g4 Kd2 50. h5 1-0

[Event "2022 Norbert Muller Cup (Division B)"]
[Site "Woodvale, Perth WA AUS"]
[Date "2022.11.30"]
[Round "7"]
[White "Leonhardt, Wolfgang"]
[Black "Gough, Dylan"]
[Result "1/2-1/2"]
[EventDate "2022.10.12"]
[EventType "tourn"]
[EventRounds "7"]
[EventCountry "AUS"]
[TimeControl "3600+30"]
[WhiteElo "1776"]
[BlackElo "1727"]
[ECO "B00"]
[PlyCount "81"]

1. e4 d6 2. f4 Nc6 3. d4 d5 4. e5 e6 5. a3 Be7 6. Nf3 a6 7. Bd3 f5 8. Be3 Nh6
9. Nbd2 b5 10. Nb3 O-O 11. O-O Qe8 12. h3 Nd8 13. Nc5 Nhf7 14. b3 Nb7 15. c4
Nxc5 16. dxc5 bxc4 17. bxc4 Qd7 18. Qc2 Bb7 19. Rfd1 c6 20. Rab1 Qc7 21. cxd5
cxd5 22. Rb6 Nd8 23. g4 g6 24. gxf5 gxf5 25. Kh2 Nc6 26. Nd4 Nxd4 27. Bxd4 Bc8
28. Rg1+ Kf7 29. Be2 Ke8 30. Bh5+ Kd8 31. Rg7 Rb8 32. Rxb8 Qxb8 33. Rxh7 Bd7
34. Be2 Qb7 35. Rg7 Qc6 36. Rg3 Be8 37. Rc3 Bh4 38. Qb3 Rf7 39. Qb6+ Qxb6 40.
cxb6 Be1 41. Rf3 1/2-1/2

[Event "2022 Norbert Muller Cup (Division B)"]
[Site "Woodvale, Perth WA AUS"]
[Date "2022.11.30"]
[Round "7"]
[White "Janceski, Alex"]
[Black "Stortz, Robert"]
[Result "1-0"]
[EventDate "2022.10.12"]
[EventType "tourn"]
[EventRounds "7"]
[EventCountry "AUS"]
[TimeControl "3600+30"]
[WhiteElo "1886"]
[BlackElo "1838"]
[ECO "D30"]
[PlyCount "120"]

1. d4 d5 2. c4 e6 3. e3 c6 4. a3 Nf6 5. Nf3 Nbd7 6. Nbd2 Be7 7. Be2 O-O 8. O-O
dxc4 9. Nxc4 b5 10. Nce5 Bb7 11. b4 Nxe5 12. Nxe5 Nd7 13. Nd3 a5 14. Bb2 axb4
15. axb4 Nb6 16. Qb3 Na4 17. Rac1 Nxb2 18. Qxb2 Ra4 19. Rfd1 Bd6 20. Bf3 Qb6
21. g3 Rfa8 22. Ra1 Kf8 23. Nc5 Rxa1 24. Rxa1 Rxa1+ 25. Qxa1 Bxc5 26. dxc5 Qd8
27. Kg2 h6 28. h4 Qd2 29. Qe5 Qd8 30. g4 Kg8 31. Kg3 Kf8 32. g5 hxg5 33. hxg5
g6 34. Be4 Kg8 35. Kf4 Ba8 36. Qf6 Qb8+ 37. Kg4 Bb7 38. Qd4 Qc8 39. Qd6 Kg7 40.
Kf4 Kg8 41. Ke5 Kg7 42. f4 Ba8 43. Qe7 Qb8+ 44. Kd4 Qc8 45. Bd3 Qa6 46. Qd7
Qa1+ 47. Ke4 Qa3 48. Qd4+ Kg8 49. Ke5 Kg7 50. Kd6+ Kg8 51. Ke7 Qa7+ 52. Qd7 Qa2
53. Be4 Qa4 54. Qd4 Qa2 55. Kf6 Qa7 56. Qd6 Qa1+ 57. Ke7 Qa6 58. Kd7 Bb7 59.
Bxc6 Bc8+ 60. Kc7 Kg7 1-0

[Event "2022 Norbert Muller Cup (Division C)"]
[Site "Woodvale, Perth WA AUS"]
[Date "2022.11.30"]
[Round "7"]
[White "Hintz, Steven"]
[Black "Bhatia, Abhay"]
[Result "1-0"]
[EventDate "2022.10.12"]
[EventType "tourn"]
[EventRounds "7"]
[EventCountry "AUS"]
[TimeControl "3600+30"]
[WhiteElo "1588"]
[BlackElo "1598"]
[ECO "D02"]
[PlyCount "108"]

1. d4 d5 2. Nf3 Nf6 3. Bf4 e6 4. e3 c5 5. c4 cxd4 6. Nxd4 Bb4+ 7. Nd2 Ne4 8.
N4b3 dxc4 9. Bxc4 Nxd2 10. Nxd2 Bxd2+ 11. Qxd2 Qxd2+ 12. Kxd2 O-O 13. Ke2 a6
14. b4 b5 15. Bb3 Bb7 16. f3 Nc6 17. Rhd1 Nxb4 18. Bd6 Nd5 19. Bxd5 Bxd5 20.
Bxf8 Rxf8 21. e4 Bc4+ 22. Ke3 f5 23. Rd6 a5 24. a3 f4+ 25. Kf2 a4 26. Rad1 Kf7
27. Rd8 h5 28. Rxf8+ Kxf8 29. h4 e5 30. Ke1 Ke7 31. Rd2 Ke6 32. Rd8 Ke7 33. Rd2
g6 34. Kf2 Ke6 35. g3 Kf6 36. Kg2 Ke6 37. Kh3 Bf1+ 38. Kh2 Bc4 39. Rd8 Ke7 40.
Rd2 Ke6 41. Kg1 Ke7 42. g4 hxg4 43. fxg4 f3 44. Kf2 Be2 45. g5 Ke6 46. Ke3 Ke7
47. Rd5 Ke6 48. Rc5 Kd6 49. Rc8 Ke7 50. Rc6 Kf7 51. Rf6+ Kg7 52. Re6 b4 53.
axb4 a3 54. Rxe5 a2 1-0

[Event "2022 Norbert Muller Cup (Division C)"]
[Site "Woodvale, Perth WA AUS"]
[Date "2022.11.30"]
[Round "7"]
[White "Leech, Martin"]
[Black "Browning, Thomas"]
[Result "1/2-1/2"]
[EventDate "2022.10.12"]
[EventType "tourn"]
[EventRounds "7"]
[EventCountry "AUS"]
[TimeControl "3600+30"]
[WhiteElo "1512"]
[BlackElo "1554"]
[ECO "B33"]
[PlyCount "94"]

1. e4 c5 2. Nf3 Nc6 3. d4 cxd4 4. Nxd4 e5 5. Nb5 Nf6 6. N1c3 d6 7. Bc4 a6 8.
Na3 b5 9. Bd5 Bb7 10. Ne2 Rb8 11. Ng3 Nxd5 12. exd5 Nb4 13. O-O Nxd5 14. c3 Nf6
15. Nf5 d5 16. Re1 e4 17. Bf4 Rc8 18. Nc2 g6 19. Nh6 Bxh6 20. Bxh6 Qd7 21. Bg7
Ke7 22. Bxh8 Rxh8 23. Nd4 h5 24. Qd2 h4 25. h3 Rh5 26. Rad1 g5 27. Nf3 g4 28.
Ne5 Rxe5 29. hxg4 Qxg4 30. f3 Qg3 31. fxe4 h3 32. exd5 Kd6 33. Rxe5 h2+ 34. Kh1
Qxe5 35. Qd4 Qxd4 36. Rxd4 Nxd5 37. Kxh2 Ke5 38. Rh4 Ne3 39. g3 Nd1 40. Rb4 Bd5
41. a4 bxa4 42. Rxa4 Nxb2 43. Rxa6 Nc4 44. Ra1 Ke4 45. Kh3 f5 46. Kh4 Be6 47.
Re1+ Kd5 1/2-1/2

[Event "2022 Norbert Muller Cup (Division C)"]
[Site "Woodvale, Perth WA AUS"]
[Date "2022.11.30"]
[Round "7"]
[White "Oswald, Franz"]
[Black "De Vas, Yonal"]
[Result "1-0"]
[EventDate "2022.10.12"]
[EventType "tourn"]
[EventRounds "7"]
[EventCountry "AUS"]
[TimeControl "3600+30"]
[WhiteElo "1571"]
[BlackElo "1543"]
[ECO "D52"]
[PlyCount "57"]

1. d4 d5 2. c4 e6 3. Nc3 Nf6 4. Bg5 Nbd7 5. e3 c6 6. Nf3 Bb4 7. Rc1 Qa5 8. Bxf6
Nxf6 9. Bd3 Qxa2 10. O-O Bxc3 11. Rxc3 Qxb2 12. Rb3 Qa2 13. Re1 O-O 14. Re2 Qa5
15. Qb1 Qc7 16. Ne5 dxc4 17. Nxc4 h6 18. Ne5 Nd5 19. Ra2 b6 20. Rc2 Bb7 21.
Bh7+ Kh8 22. Be4 c5 23. Nc4 Rab8 24. dxc5 bxc5 25. Qa1 Nxe3 26. Rxe3 Bxe4 27.
Rxe4 Qb7 28. Re1 Qb3 29. Ne3 1-0

[Event "2022 Norbert Muller Cup (Division D)"]
[Site "Woodvale, Perth WA AUS"]
[Date "2022.11.30"]
[Round "7"]
[White "Massam, Justin"]
[Black "Powell, Darren"]
[Result "1-0"]
[EventDate "2022.10.12"]
[EventType "swiss"]
[TimeControl "3600+30"]
[EventRounds "7"]
[EventCountry "AUS"]
[WhiteElo "1446"]
[BlackElo "1286"]
[ECO "D02"]
[PlyCount "75"]

1. d4 g6 2. Nf3 d5 3. Bf4 Nf6 4. e3 a6 5. Nbd2 e6 6. Bd3 Bg7 7. c3 Nbd7 8. O-O
O-O 9. h3 h6 10. c4 c5 11. cxd5 Nxd5 12. Bg3 Qb6 13. Nb3 Re8 14. Qc2 Nb4 15.
Qd2 Nxd3 16. Qxd3 e5 17. dxe5 Nxe5 18. Nxe5 Bxe5 19. Bxe5 Rxe5 20. Qc3 Qc7 21.
Rad1 Be6 22. Rd2 b6 23. Rfd1 Re8 24. a3 Bc8 25. Nc1 Kh7 26. Ne2 Qe7 27. Ng3 h5
28. Ne2 Qb7 29. Nf4 Bf5 30. Nd5 Kh6 31. Nf4 b5 32. Rd5 Rxd5 33. Rxd5 Be4 34.
Rxc5 Bf5 35. Rc7 Qe4 36. Rxf7 Kg5 37. Qf6+ Kh6 38. h4 1-0

[Event "2022 Norbert Muller Cup (Division D)"]
[Site "Woodvale, Perth WA AUS"]
[Date "2022.11.30"]
[Round "7"]
[White "De Vas, Senudi"]
[Black "Hounsome, David"]
[Result "1-0"]
[EventDate "2022.10.12"]
[EventType "swiss"]
[TimeControl "3600+30"]
[EventRounds "7"]
[EventCountry "AUS"]
[WhiteElo "1129"]
[BlackElo "1359"]
[ECO "D08"]
[PlyCount "121"]

1. d4 d5 2. c4 e5 3. dxe5 d4 4. e3 Bb4+ 5. Bd2 dxe3 6. fxe3 Qxd2+ 7. Qxd2 Bxd2+
8. Nxd2 Nc6 9. Ngf3 Nge7 10. Bd3 O-O 11. O-O Re8 12. Ng5 Nxe5 13. Bxh7+ Kf8 14.
Bc2 N7g6 15. Bxg6 Nxg6 16. Rxf7+ Kg8 17. Rxc7 Rxe3 18. Nge4 b6 19. Nd6 Be6 20.
Nf3 Rd8 21. Nb7 Rdd3 22. Re1 Rxe1+ 23. Nxe1 Rd2 24. c5 Rxb2 25. cxb6 axb6 26.
a3 Nf4 27. Kf1 Bd5 28. g3 Nh3 29. Nc2 Be4 30. Ne3 Rxh2 31. Ng4 Rg2 32. Nd6 Bd5
33. Nf5 Rg1+ 34. Ke2 Bf7 35. Ne5 Ng5 36. Ne7+ Kf8 37. Nxf7 Nxf7 38. Nd5 Rb1 39.
Rb7 Ke8 40. Rxb6 Rxb6 41. Nxb6 Kd8 42. Kd3 Kc7 43. Nc4 Kc6 44. Ne3 Kb5 45. Nf5
g6 46. Nh4 g5 47. Nf3 Ka4 48. Ke4 Kxa3 49. Kf5 g4 50. Kxg4 Kb4 51. Kh5 Kc5 52.
g4 Kd6 53. Kg6 Ke6 54. Ng5+ Nxg5 55. Kxg5 Kf7 56. Kh6 Kg8 57. Kg6 Kh8 58. Kh6
Kg8 59. g5 Kh8 60. g6 Kg8 61. g7 1-0

[Event "2022 Norbert Muller Cup (Division D)"]
[Site "Woodvale, Perth WA AUS"]
[Date "2022.11.30"]
[Round "7"]
[White "Weijermars, Tristan"]
[Black "Markou, Victor"]
[Result "1-0"]
[EventDate "2022.10.12"]
[EventType "swiss"]
[TimeControl "3600+30"]
[EventRounds "7"]
[EventCountry "AUS"]
[WhiteElo "1547"]
[BlackElo "1064"]
[ECO "A03"]
[PlyCount "101"]

1. f4 d5 2. Nf3 Nf6 3. b3 Nbd7 4. Bb2 g6 5. d3 Bg7 6. Nbd2 O-O 7. e4 dxe4 8.
Nxe4 b6 9. Qe2 Bb7 10. O-O-O Bh6 11. g3 Rc8 12. Bg2 Qe8 13. Rhe1 Bg7 14. Nfd2
Nxe4 15. Bxe4 c6 16. h4 Nf6 17. g4 Nxe4 18. Bxg7 Kxg7 19. dxe4 e6 20. Nc4 Ba6
21. Qd3 Qd8 22. Qc3+ Qf6 23. Qxf6+ Kxf6 24. Ne5 Kg7 25. Rd7 Rcd8 26. Red1 Be2
27. R1d2 Bf1 28. Rc7 c5 29. Rdd7 Bb5 30. Rxf7+ Rxf7 31. Rxf7+ Kg8 32. Re7 a6
33. Rxe6 Rb8 34. f5 Rc8 35. fxg6 hxg6 36. Rxg6+ Kh7 37. Rxb6 Re8 38. Rb7+ Kg8
39. c4 Rxe5 40. cxb5 axb5 41. Rxb5 Rxe4 42. Rxc5 Rxg4 43. Rc4 Rg2 44. a4 Kf7
45. Kb1 Ke6 46. a5 Kd5 47. a6 Rg3 48. Kb2 Rg6 49. a7 Ra6 50. Ra4 Rxa4 51. bxa4
1-0

[Event "2022 Norbert Muller Cup (Division D)"]
[Site "Woodvale, Perth WA AUS"]
[Date "2022.11.30"]
[Round "7"]
[White "Lanham, Bruce"]
[Black "Kwenda, Ridge"]
[Result "1-0"]
[EventDate "2022.10.12"]
[EventType "swiss"]
[TimeControl "3600+30"]
[EventRounds "7"]
[EventCountry "AUS"]
[WhiteElo "1154"]
[BlackElo "1052"]
[ECO "A41"]
[PlyCount "115"]

1. d4 d6 2. Nf3 b6 3. g3 Bb7 4. Bg2 g6 5. O-O Bg7 6. c4 Nc6 7. Nc3 e5 8. dxe5
Nxe5 9. Bg5 f6 10. Bf4 Nxc4 11. Qa4+ Qd7 12. Qxc4 O-O-O 13. Rac1 Kb8 14. Nd2
Re8 15. Bxb7 Kxb7 16. Rfe1 Ne7 17. Nb3 g5 18. Bd2 h6 19. Nd5 Nc6 20. e4 f5 21.
Qc2 f4 22. Bc3 Be5 23. Nf6 Bxf6 24. Bxf6 Rhf8 25. Bg7 Rg8 26. Bxh6 Rg6 27. Bxg5
Rxg5 28. Nd2 Nd4 29. Qc3 c5 30. Nb3 Nb5 31. Qd2 Qg4 32. Qe2 f3 33. Qxb5 Rxe4
34. Rxe4 Qxe4 35. Qc4 Qh7 36. Qf1 d5 37. Kh1 d4 38. h4 d3 39. Nd2 Re5 40. Re1
Qe7 41. Rxe5 Qxe5 42. Qxd3 Qe1+ 43. Kh2 Qxf2+ 44. Kh3 Qg2+ 45. Kg4 Qe2 46. Qd5+
Ka6 47. Qc4+ Kb7 48. Qf7+ Ka6 49. Nxf3 Qxb2 50. Qb3 Qg7+ 51. Ng5 Qd4+ 52. Kh3
c4 53. Qa3+ Kb7 54. Nf3 Qd7+ 55. g4 b5 56. Ne5 Qd4 57. Qf3+ Kb8 58. Nc6+ 1-0

[Event "2022 Norbert Muller Cup (Division D)"]
[Site "Woodvale, Perth WA AUS"]
[Date "2022.11.30"]
[Round "7"]
[White "Walker, Colin"]
[Black "Brooke, John"]
[Result "1-0"]
[EventDate "2022.10.12"]
[EventType "swiss"]
[TimeControl "3600+30"]
[EventRounds "7"]
[EventCountry "AUS"]
[WhiteElo "1452"]
[BlackElo "1360"]
[ECO "A35"]
[PlyCount "101"]

1. c4 c5 2. Nc3 Nc6 3. d3 e5 4. g3 Bd6 5. Bg2 Nge7 6. e3 Rb8 7. Nge2 a6 8. O-O
b5 9. cxb5 axb5 10. a3 Bc7 11. Ne4 d6 12. Bd2 Bf5 13. Be1 O-O 14. b4 c4 15.
dxc4 bxc4 16. N4c3 Na7 17. e4 Be6 18. Qc1 Ng6 19. Nd5 Bxd5 20. exd5 Rc8 21.
Qxc4 Qd7 22. Qd3 Bb6 23. Kh1 Rc7 24. Bd2 Ra8 25. a4 Nc8 26. a5 Ba7 27. Kg1 Bb8
28. Rac1 Nce7 29. Rxc7 Bxc7 30. f4 Bd8 31. f5 Nf8 32. f6 gxf6 33. Rxf6 Neg6 34.
Rf1 Qa7+ 35. Kh1 Qd7 36. Qf3 Ra7 37. Nc3 Qe8 38. Ne4 Qb5 39. Nxd6 Qd7 40. Nf5
Qc7 41. Be3 Ra6 42. Bc5 Rf6 43. Qe4 Nd7 44. Be3 Ra6 45. d6 Qb8 46. Qb7 Qxb7 47.
Bxb7 Nb8 48. Bxa6 Nxa6 49. Nh6+ Kf8 50. Rxf7+ Ke8 51. d7# 1-0